 Dungeon Crawl Stone Soup version 0.31-a0-246-g8cbcc1cb85 (webtiles) character file.

Game seed: 15943659541508374976

95 qw the Shooter (level 4, -5/26 HPs)
             Began as a Gargoyle Hexslinger on July 12, 2023.
             Slain by Terence
             ... wielding a +4 heavy hand axe
              (7 damage)
             ... on level 3 of the Dungeon.
             The game lasted 00:00:43 (1724 turns).

qw the Shooter (Gargoyle Hexslinger)                Turns: 1724, Time: 00:00:44

Health: -5/26      AC:  8    Str: 11    XL:     4   Next: 65%
Magic:  5/5        EV: 11    Int: 14    God:
Gold:   91         SH:  0    Dex: 14    Spells: 4/5 levels left

rFire   . . .        Y - +1 sling
rCold   . . .        (no shield)
rNeg    + . .        f - +0 leather armour
rPois   inf          (no helmet)
rElec   +            (no cloak)
rCorr   .            h - +1 pair of gloves
SInv    .            (no boots)
Will    .....        (no amulet)
Stlth   +            (no ring)
HPRegen 0.24/turn    (no ring)
MPRegen 0.09/turn

%: no passive effects
@: no status effects
A: sickness immunity, AC +3, negative energy resistance 1, electricity
resistance, torment resistance 1, petrification resistance
a: no special abilities


You were on level 3 of the Dungeon.
You visited 1 branch of the dungeon, and saw 3 of its levels.

You collected 91 gold pieces.


Innate Abilities, Weirdness & Mutations

You are immune to sickness and miasma.
Your stone body is resilient. (AC +3)
You are immune to poison.
You resist negative energy. (rN+)
You are resistant to electric shocks. (rElec)
You are resistant to unholy torment.
You are immune to petrification.


   Skills:
 - Level 2.0 Fighting
 + Level 4.4 Ranged Weapons
 - Level 1.5 Dodging
 - Level 1.0 Spellcasting
 - Level 2.6 Hexes


You had 4 spell levels left.
You knew the following spells:

 Your Spells              Type           Power      Damage    Failure   Level
a - Slow                  Hex            32%        N/A       12%         1

Your spell library contained the following spells:

 Spells                   Type           Power      Damage    Failure   Level
 Inner Flame              Hex/Fire       4%         N/A       52%         3
 Portal Projectile        Hex/Tloc       8%         N/A       52%         3
 Cause Fear               Hex            4%         N/A       75%         4

Inventory:

Hand Weapons
 Y - a +1 sling (weapon)
Armour
 a - a +0 ring mail
 f - a +0 leather armour (worn)
 h - a +1 pair of gloves (worn)
Scrolls
 b - a scroll of identify
 c - a scroll of vulnerability {unknown}
Potions
 d - a potion of curing

Dungeon Overview and Level Annotations

Branches:
Dungeon (3/15)

Altars:

Annotations:
D:3 Terence


Message History

c - a scroll labelled DAFYGUNTOT
Enter note: Terence the Incautious comes into view.
He is wielding a +4 heavy hand axe and carrying a wand of flame.
Terence shouts!
Enter note: You shoot a sling bullet.
The sling bullet hits Terence.
Terence is lightly wounded.
You shoot a sling bullet. The sling bullet hits Terence.
Terence is heavily wounded.
Terence zaps a wand.
The puff of flame misses you.
You shoot a sling bullet.
The sling bullet hits Terence but does no damage.
Terence is heavily wounded.
Terence zaps a wand.
The puff of flame hits you!
You shoot a sling bullet.
The sling bullet closely misses Terence.
Terence zaps a wand.
The puff of flame hits you.
You shoot a sling bullet. The sling bullet hits Terence.
Terence is heavily wounded.
You shoot a sling bullet. The sling bullet hits Terence.
Terence is heavily wounded.
You shoot a sling bullet.
The sling bullet hits Terence but does no damage.
Terence is heavily wounded.
Terence hits you with a +4 heavy hand axe.
You shoot a sling bullet.
The sling bullet hits Terence but does no damage.
Terence is heavily wounded.
Terence zaps a wand.
The puff of flame hits you.
You shoot a sling bullet. The sling bullet hits Terence.
Terence is almost dead.
Terence hits you with a +4 heavy hand axe.
You shoot a sling bullet.
The sling bullet closely misses Terence.
Terence zaps a wand.
The puff of flame hits you.
You shoot a sling bullet.
The sling bullet hits Terence but does no damage.
Terence is almost dead.
Terence hits you with a +4 heavy hand axe!
You die...

#### ## ##... .. ...# #
##.#####..####.##.
.#............#....
......@@..........#
....###.#.........#
###.###%#..........
...................
#######.#...#.###
...#.#.#.# #.
.......#.#.# ####+##.
#.########.#.###.......
# ...###.#.........#.


You could see Terence.

Vanquished Creatures
  4 adders
  A worm (D:2)
  3 dart slugs (D:1)
  An orc (D:2)
  5 bats
  5 endoplasms
  A hobgoblin (D:2)
  2 jackals (D:1)
  5 kobolds
  3 quokkas
  4 ball pythons (D:1)
  A frilled lizard (D:1)
  9 goblins
  A rat (D:1)
45 creatures vanquished.

Notes
Turn   | Place    | Note
-------+----------+-------------------------------------------
     0 | D:1      | qw the Gargoyle Hexslinger began the quest for the Orb.
     0 | D:1      | Reached XP level 1. HP: 12/12 MP: 2/2
     0 | D:1      | 0 ||| qw: Version: 0.3-a-52-g30416fa
     0 | D:1      | 0 ||| qw: Game counter: 6280
     0 | D:1      | 0 ||| qw: Melee chars always use a shield: true
     0 | D:1      | 0 ||| qw: God list: Okawaru
     0 | D:1      | 0 ||| qw: Allow faded altars: false
     0 | D:1      | 0 ||| qw: Do Orc after clearing Dungeon:15 true
     0 | D:1      | 0 ||| qw: Do second Lair branch before Depths: true
     0 | D:1      | 0 ||| qw: Lair rune preference: random
     0 | D:1      | 0 ||| qw: Goals: Normal
     0 | D:1      | 0 ||| PLANNING D:1-11
    35 | D:1      | Reached XP level 2. HP: 16/16 MP: 3/3
    46 | D:1      | HP: 4/16 [jackal (3)]
    52 | D:1      | 52 ||| FLEEEEING.
   128 | D:1      | Reached skill level 3 in Ranged Weapons
   148 | D:1      | 148 ||| FLEEEEING.
   150 | D:1      | 150 ||| FLEEEEING.
   196 | D:1      | 196 ||| FLEEEEING.
   197 | D:1      | 197 ||| FLEEEEING.
   252 | D:1      | Reached XP level 3. HP: 20/21 MP: 4/4
   256 | D:1      | Found a faded altar of an unknown god.
   702 | D:1      | You fall into a shaft and drop 1 floor!
   746 | D:2      | HP: 4/21 [worm (4)]
   888 | D:2      | Reached XP level 4. HP: 17/26 MP: 5/5
   923 | D:2      | 923 ||| UPGRADING to +0 leather armour.
   933 | D:2      | 933 ||| DROPPING +0 robe.
   934 | D:2      | 934 ||| UPGRADING to +0 pair of gloves.
   939 | D:2      | 939 ||| READING scroll labelled UWKIPH LIAM.
   940 | D:2      | 940 ||| READING 2 scrolls labelled PIR MUTESE.
   941 | D:2      | 941 ||| READING scroll of enchant armour.
   941 | D:2      | 941 ||| ENCHANTING +0 pair of gloves.
   942 | D:2      | 942 ||| READING scroll labelled WEODWU GUESE.
   960 | D:2      | 960 ||| READING scroll labelled UROUSK UQIFRE.
   961 | D:2      | 961 ||| DRINKING 2 green potions.
   962 | D:2      | 962 ||| DROPPING scroll of poison.
   972 | D:2      | Reached skill level 4 in Ranged Weapons
  1586 | D:2      | 1586 ||| READING scroll labelled XOENAUHAME.
  1587 | D:2      | 1587 ||| READING scroll labelled NISOZA CESK.
  1611 | D:3      | 1611 ||| PLANNING SEWER
  1713 | D:3      | Noticed Terence
  1722 | D:3      | HP: 6/26 [Terence/+4 heavy hand axe (6)]
  1723 | D:3      | HP: 2/26 [Terence/puff of flame (5)]
  1724 | D:3      | Slain by Terence

Levels and vault maps discovered:
D:1:      sevenhm_arrival_forest_fort_small_3, layout_loops_ring,
          hellmonk_ecumenical_altar_arch_garden
D:2:      layout_loops_ring
D:3:      layout_basic, gammafunk_temple_overflow_statue,
          cheibrodos_sewer_entry_bend, uniq_terence, uniq_jessica

Skill      XL: |  1  2  3  4 |
---------------+-------------+-----
Ranged Weapons | 3 4 |  4.4
Fighting       | 2 |  2.0
Dodging        | |  1.5
Spellcasting   | |  1.0
Hexes          | |  2.6

Action                     |  1- 3 |  4- 6 || total
---------------------------+-------+-------++-------
   Fire: Sling             |   116 |    68 ||   184
    Use: Scroll            |       |     7 ||     7
         Potion            |       |     1 ||     1
 Armour: Robe              |    17 |       ||    17
         Leather armour    |       |    12 ||    12
  Dodge: Dodged            |    42 |    13 ||    55

Table legend:
 A = Non-vault XP
 B = Vault XP
 C = Vault XP percentage of total XP
 D = Non-vault monster count
 E = Vault monster count
 F = Vault count percentage of total count
                 A         B        C        D         E       F
            +---------+---------+-------+---------+---------+-------
      Total |     136 |       0 |   0.0 |      45 |       0 |   0.0
            +---------+---------+-------+---------+---------+-------
        D:1 |      48 |       0 |   0.0 |      25 |       0 |   0.0
        D:2 |      69 |       0 |   0.0 |      16 |       0 |   0.0
        D:3 |      19 |       0 |   0.0 |       4 |       0 |   0.0
            +---------+---------+-------+---------+---------+-------
